 Dungeon Crawl Stone Soup version 0.30-b1-2-g02819fbbbe (webtiles) character file.

Game seed: 7147491441281346604

137792 LLlMATKO the Spry (level 16, -3/231 HPs)
             Began as a Minotaur Berserker on Aug 27, 2023.
             Was a High Priest of Trog.
             Slain by a naga
             ... wielding a +0 trident
              (14 damage)
             ... on level 3 of the Snake Pit.
             The game lasted 00:32:43 (30186 turns).

LLlMATKO the Spry (Minotaur Berserker)             Turns: 30186, Time: 00:32:44

Health: -3/231     AC: 23    Str: 31    XL:     16   Next: 69%
Magic:  0/5        EV: 17    Int:  4    God:    Trog [*****.]
Gold:   3300       SH: 29    Dex: 17    Spells: 15/15 levels left

rFire   + . .        y - +2 broad axe (antimagic)
rCold   . . .        B - +4 tower shield "Vemen" {Contam Drain rN+ Dex+8}
rNeg    + . .        e - +2 plate armour {rF+}
rPois   .            (helmet restricted)
rElec   .            h - scarf {repulsion}
rCorr   +            S - +0 pair of gloves
SInv    +            G - +0 pair of boots
Will    +....        K - amulet of reflection Stlth
                     f - ring of resist corrosion
HPRegen 0.58/turn    Q - ring of see invisible
MPRegen 0.09/turn

%: repel missiles, reflection
@: berserking (expiring), lethally poisoned (-3 -> -11), very quick
A: horns 2, retaliatory headbutt
a: Renounce Religion, Berserk, Trog's Hand, Brothers in Arms


You were on level 3 of the Snake Pit.
You worshipped Trog.
Trog was extremely pleased with you.
You visited 5 branches of the dungeon, and saw 26 of its levels.
You also visited: Ice Cave.

You collected 3300 gold pieces.

Inventory:

Hand Weapons
 a - the +13 demon trident of the Evening {flame, rC+}
   (Trog gifted it to you on level 5 of the Lair of Beasts)

   rC:        It protects you from cold.
 y - a +2 antimagic broad axe (weapon)
 A - a +0 war axe of venom
 V - the +6 whip "Spider's Undoing" {antimagic, rElec rPois Str+2 Int+2}
   (You found it on level 2 of the Lair of Beasts)

   Str:       It affects your strength (+2).
   Int:       It affects your intelligence (+2).
   rElec:     It insulates you from electricity.
   rPois:     It protects you from poison.
Missiles
 b - 33 poisoned darts (quivered)
 g - 12 silver javelins
 v - 16 curare-tipped darts
 x - 6 throwing nets
 E - 17 javelins
Armour
 e - a +2 plate armour of fire resistance (worn)
 h - a scarf of repulsion (worn)
 B - the +4 tower shield "Vemen" (worn) {Contam Drain rN+ Dex+8}
   (You found it on level 5 of the Dungeon)

   Dex:       It affects your dexterity (+8).
   rN:        It protects you from negative energy.
   Contam:    It causes magical contamination when unequipped.
   Drain:     It drains your maximum health when unequipped.
 G - a +0 pair of boots (worn)
 S - a +0 pair of gloves (worn)
Jewellery
 f - a ring of resist corrosion (left hand)
 k - a ring of positive energy
 w - the amulet "Sivveuth" {Acrobat rN+ Int+5 Dex-3 Stlth+}
   (You found it on level 1 of the Snake Pit)

   [amulet of the acrobat]

   It increases your evasion while moving and waiting.
   Int:       It affects your intelligence (+5).
   Dex:       It affects your dexterity (-3).
   rN:        It protects you from negative energy.
   Stlth:     It makes you more stealthy.
 D - a ring of ice
 H - a ring of willpower
 K - an amulet of reflection (around neck)
 Q - a ring of see invisible (right hand)
Wands
 i - a wand of mindburst (7)
 l - a wand of quicksilver (11)
 s - a wand of flame (30)
 F - a wand of digging (3)
 I - a wand of iceblast (25)
 P - a wand of polymorph (19)
 Z - a wand of charming (5)
Scrolls
 c - 5 scrolls of identify
 d - 4 scrolls of teleportation
 j - 2 scrolls of enchant weapon
 m - 5 scrolls of blinking
 n - a scroll of enchant armour
 o - 5 scrolls of fog
 p - a scroll of summoning
 J - a scroll of silence
 W - 2 scrolls of magic mapping
 X - a scroll of fear
 Y - a scroll of brand weapon
Potions
 q - a potion of invisibility {unknown}
 r - 4 potions of cancellation
 t - 2 potions of resistance
 u - 2 potions of magic
 z - 8 potions of heal wounds
 C - 12 potions of curing
 M - 3 potions of flight
 N - 2 potions of haste
 O - 2 potions of might
 R - 4 potions of mutation {unknown}
 U - 4 potions of ambrosia


   Skills:
 + Level 16.8 Fighting
 + Level 16.9 Axes
 + Level 16.6 Armour
 + Level 18.3 Dodging
 + Level 16.4 Shields


You had 15 spell levels left.
You didn't know any spells.
Your spell library was empty.

Dungeon Overview and Level Annotations

Branches:
Dungeon (15/15)            Temple (0/1) D:7            Lair (5/5) D:8
 Shoals (1/4) Lair:3        Snake (3/4) Lair:3        Slime (0/5) Lair:4
    Orc (2/2) D:10            Elf (0/3) Orc:2        Vaults (0/5) D:14
 Depths (0/4) D:15          IceCv (visited)

Altars:
Ashenzari
Cheibriados
Dithmenos
Gozag
Hepliaklqana
Kikubaaqudgha
Makhleb
Okawaru
Qazlal
Ru
Sif Muna
Vehumet
Wu Jian
The Shining One

Shops:
D:14 *   D:15 *(   Orc:1 *   Orc:2 *([!

Portals:
Abyss: D:15

Annotations:
D:5 1 runed translucent door


Innate Abilities, Weirdness & Mutations

You have a pair of horns on your head.
You reflexively headbutt those who attack you in melee.


Message History

Unknown command.
Unknown command.
Unknown command.
You escape the anaconda's grasp.
You feel sick.
* * * LOW HITPOINT WARNING * * *
You are more poisoned.
You block the black mamba's attack. The naga mage barely misses you.
The anaconda grabs you.
You stop ascending the stairs.
The anaconda bites you but does no damage.
The anaconda constricts you.
* * * LOW HITPOINT WARNING * * *
You block the salamander's attack.
The salamander mystic points at the anaconda and mumbles some strange words.
The anaconda seems to speed up.
The anaconda bites you but does no damage.
The salamander unwields a +0 shortbow of flaming.
It stops flaming.
The salamander hits you but does no damage.
You block the guardian serpent's attack.
The anaconda bites you but does no damage.
The shock serpent bites you but does no damage.
The mana viper bites you.
* * * LOW HITPOINT WARNING * * *
You feel your power leaking away. The black mamba barely misses you.
Unknown command.
Unknown command.
Unknown command.
Unknown command.
You escape the anaconda's grasp.
You feel your anger nearly subside.
You feel sick.
* * * LOW HITPOINT WARNING * * *
You are more poisoned.
The naga looks more healthy.
You block the naga mage's attack.
The naga mage hits you but does no damage.
You block the anaconda's attack. x2; The anaconda completely misses you.
The anaconda closely misses you.
The naga hits you from afar with a +0 trident!
You die...

#.. #.....# ..#
#..##..>..##..#
#.....N.......#
#.[N..N........
#...<.N8..<...$
....NNNSSN.....
......SSS...(.#


#NS@SS# #NSNSN# ....NNNN... ............## #.#######.### # .# .. #.# You could
see 2 naga sharpshooters, a salamander mystic, 5 salamanders, 3 anacondas, a
naga ritualist (toxic aura), a shock serpent, a mana viper, 2 guardian serpents,
3 black mambas, 3 naga magi and 4 nagas.

Vanquished Creatures
  An Executioner (D:15)
  Donald (Orc:2)
  A tengu reaver (D:14)
  Kirke (D:14)
  An orc warlord (Orc:2)
  A stone giant (D:15)
  The ghost of Zijen the Fighter, a journeyman MiBe of Trog (Lair:3)
  The ghost of diceflayer the Spry, a journeyman DsHu of Okawaru (D:15)
  Nessos (Lair:4)
  Snorg (Orc:2)
  A merfolk impaler (Shoals:1)
  Fannar (Lair:1)
  Harold (D:9)
  A great orb of eyes (D:15)
  3 hydras
  Erolcha (D:10)
  2 boulder beetles
  9 centaur warriors
  2 catoblepae
  6 two-headed ogres
  2 anacondas (Snake:2)
  10 death yaks
  2 tengu warriors (D:15)
  4 naga warriors
  10 naga sharpshooters
  Sonja (D:10)
  A shock serpent (Snake:2)
  A deep elf knight (D:15)
  2 skysharks
  Urug (Lair:2)
  Lodul (D:14)
  3 skeletal warriors (D:12)
  A sea snake (Shoals:1)
  5 naga ritualists (Snake:2)
  Pikel (D:6)
  2 orc knights
  2 deep elf pyromancers
  A necromancer (D:14)
  2 orc sorcerers
  2 wizards (D:15)
  An obsidian statue (D:13)
  2 lindwurms
  3 salamanders
  7 harpies
  14 ugly things
  5 mana vipers (Snake:2)
  A wolf spider (Lair:5)
  5 manticores
  An oklob plant (Lair:2)
  5 cyclopes
  A faun (Shoals:1)
  12 elephants
  34 black mambas
  A guardian serpent (Lair:5)
  An ice statue (IceCv)
  A black mamba (shapeshifter) (D:14)
  5 naga magi
  Maggie (D:7)
  11 cane toads
  2 rime drakes
  An unseen horror (shapeshifter) (D:15)
  An unseen horror (D:12)
  A kobold demonologist (D:9)
  10 komodo dragons
  2 freezing wraiths (D:14)
  2 efreet
  8 trolls
  A queen bee (Lair:3)
  Grinder (D:6)
  3 meliai (D:13)
  13 polar bears
  A wind drake (Shoals:1)
  5 hornets
  11 blink frogs
  A raiju (D:15)
  2 slime creatures (Lair:4)
  2 wraiths (D:9)
  48 yaks
  A water elemental (Shoals:1)
  18 wyverns
  2 shadows
  7 basilisks
  3 hogs (D:14)
  3 steam dragons
  3 redbacks (Lair:5)
  23 nagas
  3 wargs
  2 acid dragons (D:8)
  23 water moccasins
  Duvessa (D:5)
  2 black bears
  An ice beast (D:7)
  9 ogres
  A sky beast (D:8)
  28 orc warriors
  17 wolves (IceCv)
  6 centaurs
  A lemure (D:6)
  4 kobold brigands
  12 bullfrogs
  2 gnoll sergeants
  A cane toad simulacrum (Lair:1)
  8 scorpions (D:5)
  5 wights (D:8)
  Dowan (D:5)
  14 killer bees
  5 howler monkeys
  2 electric eels
  3 jellies
  29 orc priests
  A hound (D:5)
  3 iguanas
  4 sleepcaps
  39 orc wizards
  Robin (D:2)
  11 adders
  3 gnolls (D:10)
  A shadow imp (D:5)
  2 ufetubi
  A dart slug (D:3)
  96 orcs
  6 bats
  8 endoplasms
  4 giant cockroaches
  12 goblins
  7 hobgoblins
  20 kobolds
  3 quokkas
  3 ball pythons
  3 frilled lizards
  3 rats
  3 butterflies (D:5)
791 creatures vanquished.

Vanquished Creatures (collateral kills)
  A frost giant (IceCv)
  The ghost of Galthrax the Markskobold, a journeyman KoHu of Okawaru (D:14)
  A death yak (IceCv)
  A glowing orange brain (D:15)
  An ugly thing (D:14)
  An apocalypse crab (D:15)
  2 polar bears (IceCv)
  A yak (IceCv)
  A water moccasin (Lair:5)
  2 large abominations (D:15)
  3 wolves (IceCv)
15 creatures vanquished.

Vanquished Creatures (others)
  23 fungi
  46 plants
69 creatures vanquished.

Grand Total: 875 creatures vanquished

Notes
Turn   | Place    | Note
-------+----------+-------------------------------------------
     0 | D:1      | LLlMATKO the Minotaur Berserker began the quest for the
                  | Orb.
     0 | D:1      | Reached XP level 1. HP: 19/19 MP: 0/0
   292 | D:1      | Reached XP level 2. HP: 26/27 MP: 1/1
  1344 | D:2      | Noticed a black bear
  1353 | D:2      | Noticed Robin
  1354 | D:2      | Killed a black bear
  1355 | D:2      | Reached skill level 3 in Dodging
  1355 | D:2      | Reached skill level 1 in Shields
  1355 | D:2      | Reached XP level 3. HP: 34/34 MP: 2/2
  1355 | D:2      | Reached XP level 4. HP: 41/41 MP: 3/3
  1360 | D:2      | Killed Robin
  1360 | D:2      | Reached ** piety under Trog
  1591 | D:3      | Reached XP level 5. HP: 47/47 MP: 4/4
  1605 | D:3      | Found a radiant altar of Vehumet.
  1607 | D:3      | Found a shadowy altar of Dithmenos.
  1608 | D:3      | Found a shimmering blue altar of Sif Muna.
  2507 | D:4      | Reached XP level 6. HP: 55/55 MP: 5/5
  2578 | D:4      | Reached skill level 5 in Axes
  2592 | D:4      | Reached skill level 5 in Fighting
  2792 | D:4      | Found an ornate altar of the Wu Jian Council.
  2805 | D:4      | Reached *** piety under Trog
  3112 | D:5      | Entered Level 5 of the Dungeon
  3125 | D:5      | Reached skill level 4 in Dodging
  3186 | D:5      | Identified the +4 tower shield "Vemen" {Contam Drain rN+
                  | Dex+8}
  3248 | D:5      | Noticed a water moccasin
  3256 | D:5      | Killed a water moccasin
  3257 | D:5      | Reached XP level 7. HP: 61/61 MP: 6/6
  3259 | D:5      | Noticed a wyvern
  3265 | D:5      | Killed a wyvern
  3271 | D:5      | Reached skill level 5 in Armour
  3491 | D:5      | Found a runed translucent door.
  3493 | D:5      | Found a runed translucent door.
  3526 | D:5      | Noticed Duvessa
  3527 | D:5      | Noticed Dowan
  3533 | D:5      | Killed Dowan
  3537 | D:5      | Killed Duvessa
  3538 | D:5      | Reached skill level 5 in Dodging
  3543 | D:5      | Reached XP level 8. HP: 70/70 MP: 7/7
  3963 | D:5      | Reached skill level 5 in Shields
  3964 | D:5      | Reached skill level 6 in Dodging
  4007 | D:6      | Noticed Grinder
  4019 | D:6      | Killed Grinder
  4263 | D:6      | Found a broken altar of Ashenzari.
  4324 | D:6      | Reached skill level 7 in Dodging
  4477 | D:6      | Found a stormy altar of Qazlal.
  4479 | D:6      | Noticed an air elemental
  4606 | D:6      | Reached XP level 9. HP: 79/79 MP: 8/8
  4750 | D:6      | Noticed Pikel
  4763 | D:6      | Killed Pikel
  4829 | D:6      | Found the +4 robe of Augmentation {Str+4 Int+4 Dex+4}
  4852 | D:6      | Reached skill level 8 in Dodging
  5038 | D:6      | Identified the +1 spear of Ypiv {freeze, +Blink rC+ Int+3
                  | SInv}
  5232 | D:7      | Reached **** piety under Trog
  5263 | D:7      | Noticed Maggie
  5281 | D:7      | Killed Maggie
  5588 | D:7      | Found a staircase to the Ecumenical Temple.
  5612 | D:7      | Reached skill level 9 in Dodging
  5663 | D:7      | You fall into a shaft and drop 1 floor!
  5838 | D:8      | Reached XP level 10. HP: 65/90 MP: 9/9
  6363 | D:8      | Found a burning altar of Makhleb.
  6457 | D:8      | Found an iron altar of Okawaru.
  6831 | D:8      | Found a staircase to the Lair.
  6846 | D:8      | Reached skill level 10 in Dodging
  7135 | D:9      | Noticed Harold
  7146 | D:9      | Killed Harold
  7635 | D:9      | Found a sacrificial altar of Ru.
  7691 | D:9      | Noticed a red ugly thing
  7702 | D:9      | Reached skill level 11 in Dodging
  7702 | D:9      | Killed a red ugly thing
  7709 | D:9      | Reached XP level 11. HP: 94/99 MP: 10/10
  7720 | D:9      | Reached skill level 10 in Fighting
  7720 | D:9      | Reached skill level 10 in Axes
  7903 | D:9      | Found a hazy altar of Hepliaklqana.
  7928 | D:9      | Found a glowing golden altar of the Shining One.
  8101 | D:10     | Entered Level 10 of the Dungeon
  8146 | D:10     | Reached ***** piety under Trog
  8209 | D:10     | Found a staircase to the Orcish Mines.
  8262 | D:10     | Noticed a purple ugly thing
  8270 | D:10     | Killed a purple ugly thing
  8469 | D:10     | Found an ancient bone altar of Kikubaaqudgha.
  8638 | D:10     | Noticed Erolcha
  8658 | D:10     | Killed Erolcha
  8659 | D:10     | Reached skill level 10 in Armour
  8659 | D:10     | Reached skill level 12 in Dodging
  8929 | D:10     | Noticed Sonja
  8951 | D:10     | Killed Sonja
  9341 | Lair:1   | Entered Level 1 of the Lair of Beasts
  9543 | Lair:1   | Reached skill level 10 in Shields
  9625 | Lair:1   | Found a frozen archway.
  9636 | IceCv    | Entered an ice cave
 10122 | IceCv    | Reached skill level 13 in Dodging
 10264 | IceCv    | Found the +8 Wrath of Trog {antimagic, *Rage Rampage}
 10309 | IceCv    | Noticed a death yak
 10309 | IceCv    | Noticed a death yak
 10310 | IceCv    | Noticed a death yak
 10328 | IceCv    | Killed a death yak
 10329 | IceCv    | Reached XP level 12. HP: 110/110 MP: 11/11
 10329 | IceCv    | Killed a death yak
 10337 | IceCv    | Killed a death yak
 10638 | IceCv    | Noticed a death yak
 10647 | IceCv    | Killed a death yak
 10846 | IceCv    | Noticed a death yak
 10846 | IceCv    | Noticed a frost giant
 10867 | IceCv    | Killed a death yak
 10868 | IceCv    | Reached skill level 14 in Dodging
 10869 | IceCv    | Killed a frost giant
 11545 | Lair:1   | Noticed Fannar
 11556 | Lair:1   | Killed Fannar
 12138 | Lair:2   | Noticed a six-headed hydra
 12149 | Lair:2   | Killed a six-headed hydra
 12212 | Lair:2   | Noticed a death yak
 12220 | Lair:2   | Noticed a death yak
 12225 | Lair:2   | Noticed a death yak
 12227 | Lair:2   | Reached XP level 13. HP: 108/119 MP: 12/12
 12237 | Lair:2   | Reached skill level 15 in Dodging
 12536 | Lair:2   | Received a gift from Trog
 12641 | Lair:2   | Noticed Urug
 12994 | Lair:2   | Identified the +1 leather armour of Somewhere Else {Harm
                  | rCorr Str-2}
 13070 | Lair:2   | Found a snail-covered altar of Cheibriados.
 13130 | Lair:2   | Killed Urug
 13194 | Lair:2   | Identified the +2 scale mail of Ignis's Whim {rC+ Str-2
                  | Dex+2 SInv}
 13235 | Lair:2   | You fall into a shaft and drop 2 floors!
 13516 | Lair:3   | Found a staircase to the Shoals.
 13924 | Lair:2   | Identified the +6 whip "Spider's Undoing" {antimagic, rElec
                  | rPois Str+2 Int+2}
 14251 | Lair:3   | Found a transporter.
 14251 | Lair:3   | Noticed Zijen's ghost (journeyman MiBe)
 14256 | Lair:3   | Found a transporter.
 14311 | Lair:3   | Reached skill level 16 in Dodging
 14704 | Lair:3   | Found a staircase to the Snake Pit.
 15118 | Lair:4   | Found a staircase to the Slime Pits.
 15196 | Lair:4   | Reached XP level 14. HP: 87/130 MP: 13/13
 15360 | Lair:4   | Noticed Nessos
 15364 | Lair:4   | Killed Nessos
 15879 | Lair:5   | Entered Level 5 of the Lair of Beasts
 16346 | Lair:5   | Identified the +7 tower shield of Dogma {rF- Str+5 Int+5
                  | Stlth+}
 16894 | Lair:5   | Identified the +13 demon trident of the Evening {flame,
                  | rC+} (Trog gifted it to you on level 5 of the Lair of
                  | Beasts)
 16894 | Lair:5   | Received a gift from Trog
 17509 | Lair:5   | Paralysed by a hornet for 1 turns
 19915 | Orc:1    | Entered Level 1 of the Orcish Mines
 19922 | Orc:1    | Received a gift from Trog
 20015 | Orc:1    | Found Oczaech's Assorted Antiques.
 20086 | Orc:2    | Entered Level 2 of the Orcish Mines
 20087 | Orc:2    | Noticed Snorg
 20110 | Orc:2    | Killed Snorg
 20130 | Orc:2    | Noticed Donald
 20288 | Orc:2    | Killed Donald
 20781 | Orc:2    | Found a staircase to the Elven Halls.
 20848 | Orc:2    | Received a gift from Trog
 20910 | Orc:2    | Reached XP level 15. HP: 139/139 MP: 4/14
 20972 | Orc:2    | Reached skill level 17 in Dodging
 21155 | Orc:2    | Found Oricwux's Assorted Antiques.
 21248 | Orc:2    | Reached skill level 15 in Axes
 21330 | Orc:2    | Received a gift from Trog
 21331 | Orc:2    | Found Zudomp's Antique Weapon Boutique.
 21376 | Orc:2    | Found Rinuva Docs's Antique Armour Shop.
 21473 | Orc:2    | Found Fuenuset's Distillery.
 21563 | Orc:1    | Reached ****** piety under Trog
 21567 | Orc:1    | Reached skill level 15 in Fighting
 22949 | D:14     | Found a snail-covered altar of Cheibriados.
 23083 | D:14     | Found a runed translucent gate.
 23085 | D:14     | Found a runed translucent gate.
 23086 | D:14     | Found a runed translucent gate.
 23087 | D:14     | Found an opulent altar of Gozag.
 23088 | D:14     | Noticed a tengu reaver
 23088 | D:14     | Noticed Galthrax's ghost (journeyman KoHu)
 23089 | D:14     | Found Culeefat's Assorted Antiques.
 23140 | D:14     | Reached skill level 15 in Armour
 23347 | D:14     | Found a gate to the Vaults.
 23529 | D:14     | Reached skill level 15 in Shields
 23629 | D:14     | Received a gift from Trog
 23809 | D:14     | Noticed Lodul
 23822 | D:14     | Killed Lodul
 24181 | Lair:3   | Killed Zijen's ghost
 24562 | D:14     | Killed a tengu reaver
 24569 | D:14     | Killed Galthrax's ghost
 24600 | D:14     | Noticed Kirke
 24618 | D:14     | Killed Kirke
 24659 | D:15     | Entered Level 15 of the Dungeon
 24828 | D:15     | Found Ymugetzosea's Assorted Antiques.
 24905 | D:15     | Noticed an Executioner
 24985 | D:15     | Found a transporter.
 25058 | D:15     | Found a one-way gate to the infinite horrors of the Abyss.
 25060 | D:15     | Noticed diceflayer's ghost (journeyman DsHu)
 25376 | D:15     | Found a staircase to the Depths.
 25403 | D:15     | Found Oxuag's Antique Weapon Shop.
 25412 | D:15     | Found a transporter.
 25434 | D:15     | Found a transporter.
 25589 | D:15     | Found a one-way gate to the infinite horrors of the Abyss.
 25701 | D:15     | Found Ymugetzosea's Assorted Antiques.
 26069 | D:15     | Received a gift from Trog
 26184 | D:15     | Killed an Executioner
 26185 | D:15     | Reached XP level 16. HP: 151/151 MP: 5/15
 26205 | D:15     | Killed diceflayer's ghost
 26556 | Shoals:1 | Entered Level 1 of the Shoals
 27317 | Snake:1  | Entered Level 1 of the Snake Pit
 27481 | Snake:1  | Identified the amulet "Sivveuth" {Acrobat rN+ Int+5 Dex-3
                  | Stlth+}
 27711 | Snake:1  | Reached skill level 18 in Dodging
 29798 | Snake:2  | Identified the +4 spear "Pewilam" {heavy, *Rage rC+ Dex+3}
                  | (Trog gifted it to you on level 2 of the Snake Pit)
 29798 | Snake:2  | Received a gift from Trog
 30186 | Snake:3  | HP: 11/231 [naga ritualist/Olgreb's Toxic Radiance (1)]
 30186 | Snake:3  | Slain by a naga

Illustrated notes

Levels and vault maps discovered:
D:1:      dpeg_arrival_court, layout_loops_corners, grunt_decor_mini_mirrors
D:2:      layout_basic, uniq_robin
D:3:      cheibrodos_thug_alley, layout_basic,
          chequers_temple_overflow_statue_of_worship, chequers_mini_garden
D:4:      layout_rooms, nzn_wu_jian_council_hall, serial_corexii_hall,
          corexii_hall_statues_u, corexii_hall_statues_l, nicolae_half_adder
D:5:      lemuel_insect_pit, layout_rooms, chequers_serial_rivers_micro_a,
          minmay_manual_moon, uniq_duvessa
D:6:      layout_loops_cross, grunt_ashenzari_visionary
          [grunt_ashenzari_visionary_shoals, grunt_ashenzari_visionary_snake],
          nicolae_qazlal_style_of_elements, uniq_grinder, uniq_pikel
D:7:      layout_basic, minmay_temple_entry_statues_fountains, uniq_maggie
D:8:      layout_gridville, lemuel_doored_altar, okawaru_trees_1,
          lair_entry_dummy, minmay_holes
D:9:      layout_irregular_city, mainiacjoe_overflow_cross_hatched,
          mainiacjoe_overflow_swirl, supply_closet_lemuel,
          grunt_decor_resistance, kennysheep_kite_vault, uniq_harold
D:10:     layout_small_grid, mainiacjoe_overflow_brackets, david_orc_3,
          uniq_erolcha, uniq_sonja
D:11:     layout_basic, grunt_ministairs_10
D:12:     layout_basic, minmay_misc_feat_nine_boxes
D:13:     layout_basic, minmay_statue_bubble
D:14:     layout_basic, david_vaults_4, cheibriados_altar_1,
          ebering_ghost_gozag, uniq_lodul, uniq_kirke
D:15:     grunt_enter_depths_snipers, layout_cave_pods,
          nicolae_twisting_strands, gammafunk_ghost_abyssal_escape,
          serial_shops, shop, nicolae_shop_statue_plus
Lair:1:   layout_roguey, portal_ice_cave_entry_ice_simulacra, uniq_fannar
Lair:2:   layout_regular_city, lemuel_oklob_altar, infiniplex_staircase_pool,
          grunt_megastairs_5, uniq_urug
Lair:3:   layout_long_grid, nicolae_shoals_entry_roost,
          minmay_snake_entry_six_corridors, gammafunk_ghost_hive,
          grunt_forest_small_clearing_treed, serial_bayou_shore_b,
          lemuel_fruit_tree
Lair:4:   layout_cellular_growth, minmay_slime_entry_pillars,
          beast_lair_carwin_5, grunt_megastairs_4, serial_bayou_shore_b,
          serial_bayou_shore_a, uniq_nessos
Lair:5:   hangedman_lair_tendril_chambers, layout_cellular_growth
Shoals:1: cheibrodos_shoals_oceanic_diplomacy, layout_shoals,
          nicolae_shoals_lost_giant_baths
Snake:1:  layout_concentric_octagons
Snake:2:  layout_chambers, grunt_megastairs_2
Snake:3:  layout_concentric_octagons, basic_altar, hangedman_feature_mirror,
          evilmike_ambush [evilmike_ambush_outer_corners,
          evilmike_ambush_inner_basic]
Orc:1:    layout_diamond_mine, serial_shops, nicolae_shop_waterfront
Orc:2:    grunt_orc_community_town_hall, layout_caves,
          grunt_orc_community_big_house_2, grunt_orc_community_big_house_2,
          grunt_orc_community_house_3, grunt_orc_community_house_2,
          grunt_orc_community_house_3, grunt_orc_community_house_3,
          grunt_orc_community_house_2, uniq_snorg, uniq_donald

Skill      XL: |  1  2  3  4  5  6  7  8  9 10 11 12 13 14 15 16 |
---------------+-------------------------------------------------+-----
Axes           | 4 5 6 7 8 9 11 12 13 14 16 | 16.9
Fighting       | 4 5 6 7 8 9 11 12 13 14 16 | 16.8
Armour         | 3 4 5 6 8 9 10 12 13 14 15 16 | 16.6
Dodging        | 3 4 5 7 9 11 13 14 16 17 18 | 18.3
Shields        | 1 2 3 4 6 7 9 10 11 13 14 15 16 | 16.4

Action                     |  1- 3 |  4- 6 |  7- 9 | 10-12 | 13-15 | 16-18 || total
---------------------------+-------+-------+-------+-------+-------+-------++-------
  Melee: Hand axe          |    43 |   134 |    42 |   571 |   252 |       ||  1042
         Headbutt          |     9 |    21 |    33 |   148 |   300 |    99 ||   610
         War axe           |       |    12 |   136 |       |       |       ||   148
         Spear             |       |       |       |    15 |       |       ||    15
         Broad axe         |       |       |       |       |   880 |   337 ||  1217
  Throw: Dart              |       |       |       |     6 |    14 |       ||    20
 Invoke: Berserk           |     1 |     2 |     5 |    10 |    14 |     3 ||    35
         Trog's Hand       |       |       |     1 |     1 |     2 |       ||     4
         Brothers in Arms  |       |       |       |     1 |     3 |       ||     4
    Use: Scroll            |       |       |       |    12 |    18 |     2 ||    32
 Armour: Animal skin       |     2 |       |       |       |       |       ||     2
         Chain mail        |    20 |    66 |    50 |    41 |       |       ||   177
         Scale mail        |     2 |       |       |       |       |       ||     2
         Plate armour      |       |       |       |    98 |   222 |    76 ||   396
  Dodge: Dodged            |    19 |    66 |    54 |   150 |   308 |   155 ||   752
         Repelled          |       |       |       |     2 |     6 |     5 ||    13
  Block: Buckler           |     4 |    23 |       |       |       |       ||    27
         Tower shield      |       |    15 |   138 |   747 |  1425 |   567 ||  2892
         Reflection        |       |       |       |    14 |    60 |    62 ||   136
